 Dungeon Crawl Stone Soup version 0.30-a0-782-ge64f9170bb (webtiles) character file.

Game seed: 1381463689851296227

35 Leeroy the Slasher (level 3, 0/27 HPs)
             Began as a Merfolk Gladiator on Feb 25, 2023.
             Slain by Natasha (4 damage)
             ... on level 2 of the Dungeon.
             The game lasted 00:01:28 (1109 turns).

Leeroy the Slasher (Merfolk Gladiator)              Turns: 1109, Time: 00:01:28

Health: 0/27       AC:  4    Str: 14    XL:     3   Next: 33%
Magic:  3/3        EV: 13    Int:  7    God:
Gold:   46         SH:  5    Dex: 17    Spells: 2/2 levels left

rFire   . . .      SeeInvis .    a - +0 long sword
rCold   . . .      Faith    .    (no shield)
rNeg    . . .      Spirit   .    b - +0 leather armour
rPois   .          Reflect  +    c - +0 helmet
rElec   .          Harm     .    (no cloak)
rCorr   .          Rampage  .    (no gloves)
Will    .....                    (no boots)
Stlth   +                        g - amulet of reflection
HPRegen 0.24/turn                (no ring)
MPRegen 0.08/turn                (no ring)

@: mighty
A: (nimble swimmer 2), mertail
a: no special abilities


You were on level 2 of the Dungeon.
You visited 1 branch of the dungeon, and saw 2 of its levels.

You collected 46 gold pieces.

Inventory:

Hand Weapons
 a - a +0 long sword (weapon)
Missiles
 d - 3 throwing nets (quivered)
 e - a javelin
Armour
 b - a +0 leather armour (worn)
 c - a +0 helmet (worn)
 f - a +0 cloak
Jewellery
 g - an amulet of reflection (around neck)
Scrolls
 i - a scroll of blinking {unknown}
 j - a scroll of fog {unknown}
 m - 2 scrolls of enchant weapon {unknown}
Potions
 h - a potion of haste {unknown}
 k - a potion of heal wounds {unknown}
 l - a potion of mutation {unknown}
 n - a potion of might


   Skills:
 - Level 2.1 Fighting
 + Level 5.1 Long Blades
 - Level 2.0 Throwing
 - Level 4.0 Dodging
 + Level 0.3 Shields


You had 2 spell levels left.
You didn't know any spells.
Your spell library was empty.

Dungeon Overview and Level Annotations

Branches:
Dungeon (2/15)

Altars:

Annotations:
D:2 Natasha


Innate Abilities, Weirdness & Mutations

((You are very nimble when in or above water. (Stealth+, EV+, Speed+++)))
Your lower body shifts to a powerful aquatic tail in water.


Message History

You see here a +0 dagger.
There is a stone staircase leading down here.
You climb downwards.
There is a stone staircase leading up here.
Natasha, Servant of Life and Death comes into view.
Natasha hisses angrily.
Natasha is nearby!
You closely miss Natasha. Natasha casts a spell at you.
The magic dart hits you.
You hit Natasha.
Natasha is heavily wounded.
Natasha wildly gestures.
You feel disoriented. Natasha claws you.
You hit Natasha.
Natasha is heavily wounded.
Natasha barely misses you.
You miss Natasha.
Natasha is heavily wounded.
Natasha claws you.
You hit Natasha.
Natasha is heavily wounded.
Natasha drinks a potion.
Natasha is healed!
You hit Natasha but do no damage. Natasha claws you!
* * * LOW HITPOINT WARNING * * *
Natasha claws you.
* * * LOW HITPOINT WARNING * * *
You are too injured to fight recklessly!
You are too injured to fight recklessly!
You are too injured to fight recklessly!
You are too injured to fight recklessly!
You are too injured to fight recklessly!
You hit Natasha.
Natasha is lightly wounded.
You block Natasha's attack.
It was a potion of might.
You feel very mighty all of a sudden. Natasha claws you.
You die...

#.# #.#
#.######.#
##........
#.#####.#
#.# #.#
#.#####
#...@.#
#.###h#
#.# .# #.#
.. #.# .##
### ##


You could see Natasha.

Vanquished Creatures
  A dart slug (D:1)
  A ball python (D:1)
  3 bats (D:1)
  2 endoplasms (D:1)
  2 giant cockroaches (D:1)
  4 goblins (D:1)
  A hobgoblin (D:1)
  6 jackals (D:1)
  A kobold (D:1)
  2 quokkas (D:1)
  A frilled lizard (D:1)
  3 rats (D:1)
27 creatures vanquished.

Notes
Turn   | Place    | Note
-------+----------+-------------------------------------------
     0 | D:1      | Leeroy the Merfolk Gladiator began the quest for the Orb.
     0 | D:1      | Reached XP level 1. HP: 16/16 MP: 1/1
   193 | D:1      | Reached skill level 4 in Long Blades
   297 | D:1      | Reached XP level 2. HP: 22/22 MP: 2/2
   485 | D:1      | Reached XP level 3. HP: 27/27 MP: 3/3
   520 | D:1      | Reached skill level 5 in Long Blades
  1101 | D:2      | Noticed Natasha
  1109 | D:2      | Slain by Natasha

Illustrated notes

Levels and vault maps discovered:
D:1:      dpeg_arrival_yet_another_circle, layout_basic
D:2:      layout_basic, amcnicky_mini_rare_corridor_liquid,
          kennysheep_nondescript, uniq_natasha

Skill      XL: |  1  2  3 |
---------------+----------+-----
Long Blades    | 4 5 |  5.1
Fighting       | |  2.1
Throwing       | |  2.0
Dodging        | |  4.0
Shields        | |  0.3

Action                     || total
---------------------------++-------
  Melee: Long sword        ||    94
    Use: Potion            ||     1
 Armour: Leather armour    ||    21
  Dodge: Dodged            ||    61
  Block: Other             ||    21

Table legend: (Time is in decaauts)
 A = Elapsed time spent in this place.
 B = Non-inter-level travel time spent in this place.
 C = Inter-level travel time spent in this place.
 D = Time resting spent in this place.
 E = Time spent auto-exploring this place.
 F = Levels seen in this place.
 G = Mean time per level.
                   A        B        C        D        E       F      G
               +--------+--------+--------+--------+--------+-----+--------+
         Total |   1125 |   1033 |     92 |      0 |    814 |   2 |  562.5 |
       Dungeon |   1125 |   1033 |     92 |      0 |    814 |   2 |  562.5 |
               +--------+--------+--------+--------+--------+-----+--------+

Top non-repeatable levels by time:
     D:1: 1103 daAuts
     D:2: 21 daAuts
